[Event "ICC tourney 2482 (75 10)"]
[Site "Internet Chess Club"]
[Date "2021.03.27"]
[Round "3"]
[White "JOSEPH BENHER, SAVIO Bennihyn:savchess06"]
[Black "HEBDEN, MARK L:mhebden"]
[Result "0-1"]
[ICCResult "White checkmated"]
[WhiteElo "2096"]
[BlackElo "2503"]
[Opening "Ruy Lopez: Morphy defense, Duras variation"]
[ECO "C77"]
[NIC "RL.12"]
[Time "19:03:15"]
[PlyCount "82"]
[TimeControl "4500+10"]

1. e4 e5 2. Nf3 Nc6 3. Bb5 a6 4. Ba4 Nf6 5. d3 d6 6. c4 Be7 7. h3 O-O 8.
O-O Na7 9. Nc3 c5 10. Nd5 Nxd5 11. exd5 b5 12. Bc2 f5 13. a3 bxc4 14. dxc4
Bf6 15. Rb1 e4 16. Ne1 Bd4 17. b4 Bd7 18. Kh1 Nc8 19. f3 Nb6 20. Qe2 Qh4
21. f4 Nxd5 22. cxd5 Bb5 23. Nd3 exd3 24. Bxd3 Rae8 25. Qd1 c4 26. Bxf5 c3
27. Bd3 Bxd3 28. Qxd3 Re1 29. Be3 Rxe3 30. Qxd4 Rfe8 31. Qb6 Qg3 32. Qxd6
Re2 33. Rg1 h5 34. Qc7 c2 35. Rbc1 Qd3 36. d6 R8e3 37. Qd7 Kh7 38. Kh2 Qg6
39. Kh1 Qe4 40. Qc8 Rg3 41. Qc5 Rxh3# { White checkmated } 0-1

[Event "ICC tourney 2482 (75 10)"]
[Site "Internet Chess Club"]
[Date "2021.03.27"]
[Round "3"]
[White "IVANOV, ALEXANDER:marble"]
[Black "LEE, ALICE TERESA:binomialfactor"]
[Result "1-0"]
[ICCResult "Black resigns"]
[WhiteElo "2506"]
[BlackElo "2200"]
[Opening "Caro-Kann: advance variation"]
[ECO "B12"]
[NIC "CK.04"]
[Time "19:03:05"]
[PlyCount "141"]
[TimeControl "4500+10"]

1. e4 c6 2. d4 d5 3. e5 Bf5 4. h4 h5 5. c4 e6 6. Nc3 Ne7 7. Nge2 dxc4 8.
Ng3 Bd3 9. Bxd3 cxd3 10. Qxd3 Ng6 11. Bg5 Be7 12. Bxe7 Qxe7 13. Nce4 Nd7
14. Nd6+ Kf8 15. O-O-O c5 16. dxc5 Nxc5 17. Qe3 b6 18. Nge4 Qc7 19. Kb1 Rb8
20. Ng5 f6 21. exf6 gxf6 22. Nxe6+ Nxe6 23. Qxe6 Qe7 24. Rhe1 Qxe6 25. Rxe6
Nxh4 26. g3 Ng6 27. Rxf6+ Kg7 28. Rf7+ Kg8 29. Rxa7 Rd8 30. Rb7 h4 31. gxh4
Rh6 32. Rxb6 Nxh4 33. Rg1+ Kf8 34. Nc4 Rxb6 35. Nxb6 Nf3 36. Rg4 Ke7 37.
Re4+ Kd6 38. Re3 Rf8 39. a4 Kc6 40. Re6+ Kb7 41. Nc4 Nd4 42. Rd6 Nc6 43.
Rd2 Rf3 44. Ne3 Nb4 45. b3 Kc6 46. Kb2 Rxf2 47. Rxf2 Nd3+ 48. Kc3 Nxf2 49.
Kd4 Nh3 50. b4 Nf4 51. b5+ Kb7 52. a5 Ne6+ 53. Kc4 Nf8 54. Nf5 Nd7 55. Nd6+
Kc7 56. Ne4 Nb8 57. Nf6 Kb7 58. Kd5 Na6 59. Ne4 Nc7+ 60. Kc4 Na8 61. Kc5
Nc7 62. Nd6+ Kb8 63. b6 Ne6+ 64. Kc4 Nd8 65. Kd5 Ka8 66. a6 Kb8 67. a7+ Ka8
68. Nb5 Kb7 69. Nc7 Kxb6 70. a8=Q Kxc7 71. Qa5+ { Black resigns } 1-0

[Event "ICC tourney 2482 (75 10)"]
[Site "Internet Chess Club"]
[Date "2021.03.28"]
[Round "4"]
[White "LEE, ALICE TERESA:binomialfactor"]
[Black "KRISHNAKUMAR, SRIRAM:sriramk"]
[Result "1/2-1/2"]
[ICCResult "Game drawn by repetition"]
[WhiteElo "2200"]
[BlackElo "2165"]
[Opening "QGD semi-Slav: 5...Nd7"]
[ECO "D45"]
[NIC "SL.08"]
[Time "12:02:40"]
[PlyCount "42"]
[TimeControl "4500+10"]

1. d4 d5 2. c4 c6 3. Nf3 Nf6 4. Nc3 e6 5. e3 Nbd7 6. Be2 dxc4 7. a4 Bb4 8.
Bxc4 O-O 9. O-O b6 10. Qe2 Qe7 11. e4 e5 12. d5 Bb7 13. Rd1 Rfd8 14. Bg5 h6
15. Bh4 Bxc3 16. d6 Qe8 17. bxc3 c5 18. Bd3 Qe6 19. Bc4 Qe8 20. Bb5 Qe6 21.
Bc4 Qe8 { Game drawn by repetition } 1/2-1/2

[Event "ICC tourney 2482 (75 10)"]
[Site "Internet Chess Club"]
[Date "2021.03.28"]
[Round "4"]
[White "CHEN, JUSTIN:justinchess"]
[Black "HU, MERRIC:edmehu"]
[Result "1-0"]
[ICCResult "Black resigns"]
[WhiteElo "2370"]
[BlackElo "2227"]
[Opening "King's Indian: Makagonov system (5.h3)"]
[ECO "E71"]
[NIC "KI.30"]
[Time "12:02:51"]
[PlyCount "51"]
[TimeControl "4500+10"]

1. d4 Nf6 2. c4 g6 3. Nc3 Bg7 4. e4 d6 5. h3 O-O 6. Bg5 c5 7. d5 Re8 8. Bd3
Qb6 9. Qd2 e6 10. Nf3 exd5 11. cxd5 Nxe4 12. Nxe4 f5 13. O-O fxe4 14. Rae1
Qxb2 15. Qf4 Rf8 16. Qxe4 Bf5 17. Qe3 Bxd3 18. Qxd3 Na6 19. Be7 Rfe8 20.
Bxd6 Qxa2 21. Qb5 Red8 22. Qxb7 Nb4 23. Re7 Bf6 24. Be5 Nxd5 25. Rg7+ Kh8
26. Rxh7+ { Black resigns } 1-0

[Event "ICC tourney 2482 (75 10)"]
[Site "Internet Chess Club"]
[Date "2021.03.28"]
[Round "4"]
[White "QUIRKE, JEFFREY L:PawnEatingZombi"]
[Black "BELOUS, VLADIMIR:Openyagami"]
[Result "1/2-1/2"]
[ICCResult "Game drawn by repetition"]
[WhiteElo "2200"]
[BlackElo "2607"]
[Opening "Grünfeld: modern exchange variation"]
[ECO "D85"]
[NIC "GI.04"]
[Time "12:02:38"]
[PlyCount "74"]
[TimeControl "4500+10"]

1. d4 Nf6 2. c4 g6 3. Nc3 d5 4. cxd5 Nxd5 5. e4 Nxc3 6. bxc3 Bg7 7. Nf3 c5
8. Be3 O-O 9. Be2 cxd4 10. cxd4 Nc6 11. O-O Bg4 12. d5 Nb4 13. Bd4 Bxf3 14.
Bxg7 Bxe2 15. Qxe2 Kxg7 16. Qb2+ f6 17. Qxb4 Qd7 18. Rab1 b6 19. Rbc1 Rfc8
20. h3 Qd6 21. Qd4 Qf4 22. Rc6 Rxc6 23. dxc6 Rc8 24. Qc4 Qd2 25. e5 f5 26.
c7 Qa5 27. Rc1 Qxe5 28. Qc6 Qd6 29. Qb7 Qd2 30. Qxc8 Qxc1+ 31. Kh2 Qf4+ 32.
Kg1 Qc1+ 33. Kh2 Qf4+ 34. Kg1 Qc1+ 35. Kh2 Qf4+ 36. Kg1 Qc1+ 37. Kh2 Qf4+ {
Game drawn by repetition } 1/2-1/2

[Event "ICC tourney 2482 (75 10)"]
[Site "Internet Chess Club"]
[Date "2021.03.28"]
[Round "4"]
[White "HEBDEN, MARK L:mhebden"]
[Black "IVANOV, ALEXANDER:marble"]
[Result "1/2-1/2"]
[ICCResult "Game drawn by repetition"]
[WhiteElo "2503"]
[BlackElo "2506"]
[Opening "Queen's pawn: Torre attack"]
[ECO "A46"]
[NIC "QP.04"]
[Time "12:02:35"]
[PlyCount "78"]
[TimeControl "4500+10"]

1. d4 Nf6 2. Nf3 e6 3. Bg5 h6 4. Bh4 c5 5. e3 d5 6. Nbd2 Nc6 7. c3 Be7 8.
Bd3 Nd7 9. Bg3 O-O 10. O-O b6 11. Rc1 Bb7 12. a3 c4 13. Bb1 f5 14. Ne5
Ndxe5 15. Bxe5 Nxe5 16. dxe5 Bc5 17. Qe2 b5 18. Kh1 g6 19. f4 Qb6 20. Rce1
a5 21. Nf3 b4 22. axb4 axb4 23. Nd4 h5 24. h3 Bxd4 25. exd4 Kf7 26. Kh2 Rh8
27. Rh1 Bc6 28. Kg1 bxc3 29. bxc3 Ra3 30. Rc1 Rb3 31. Kh2 Rb2 32. Qe1 Ba4
33. Rf1 Rb8 34. Qg3 Qd8 35. Kh1 Qe7 36. Qe1 Qd8 37. Qg3 Qe7 38. Kh2 Qd8 39.
Kh1 Qe7 { Game drawn by repetition } 1/2-1/2

[Event "ICC tourney 2482 (75 10)"]
[Site "Internet Chess Club"]
[Date "2021.03.28"]
[Round "4"]
[White "TANG, AUSTIN:Mrpeetapizza"]
[Black "ZENG, SHEENA:shianen"]
[Result "1/2-1/2"]
[ICCResult "Game drawn by mutual agreement"]
[WhiteElo "1874"]
[BlackElo "2197"]
[Opening "French: Tarrasch, closed variation, main line"]
[ECO "C06"]
[NIC "FR.17"]
[Time "12:02:43"]
[PlyCount "51"]
[TimeControl "4500+10"]

1. e4 e6 2. d4 d5 3. Nd2 Nf6 4. e5 Nfd7 5. Bd3 c5 6. c3 Nc6 7. Ne2 cxd4 8.
cxd4 f6 9. Nf4 Nxd4 10. Qh5+ Ke7 11. Ng6+ hxg6 12. exf6+ Nxf6 13. Qxh8 Kf7
14. O-O e5 15. Nb3 Nxb3 16. axb3 e4 17. Be2 d4 18. Bc4+ Be6 19. Bxe6+ Kxe6
20. Bg5 Kf7 21. Rfe1 Qd5 22. Qh4 Re8 23. Rac1 Nd7 24. Rc7 Kg8 25. Qg4 Nc5
26. Bh4 { Game drawn by mutual agreement } 1/2-1/2

[Event "ICC tourney 2482 (75 10)"]
[Site "Internet Chess Club"]
[Date "2021.03.28"]
[Round "4"]
[White "GUILLEMETTE, HUGO:Heliosis"]
[Black "RAJANISH, ADHVAITH:Adhvaith0406"]
[Result "0-1"]
[ICCResult "White resigns"]
[WhiteElo "1915"]
[BlackElo "2036"]
[Opening "Ruy Lopez: Berlin defense, open variation"]
[ECO "C67"]
[NIC "RL.07"]
[Time "12:02:53"]
[PlyCount "80"]
[TimeControl "4500+10"]

1. e4 e5 2. Nf3 Nc6 3. Bb5 Nf6 4. O-O Nxe4 5. d4 Nd6 6. Bxc6 dxc6 7. dxe5
Nf5 8. Qxd8+ Kxd8 9. h3 Be7 10. Nc3 Be6 11. Rd1+ Kc8 12. g4 Nh4 13. Nxh4
Bxh4 14. f4 h5 15. f5 Bd7 16. Bf4 g6 17. fxg6 fxg6 18. gxh5 g5 19. Bh2 Bxh3
20. Ne4 Rxh5 21. Nf6 Rh8 22. a4 a5 23. Ra3 Be6 24. Bg3 b6 25. Re3 Kb7 26.
b3 Rad8 27. Rxd8 Rxd8 28. c4 b5 29. Ne4 Kb6 30. c5+ Ka6 31. Kh2 Rh8 32.
Bxh4 Rxh4+ 33. Kg2 Bxb3 34. axb5+ cxb5 35. Nxg5 Rg4+ 36. Rg3 Bd5+ 37. Kh3
Rxg3+ 38. Kxg3 a4 39. e6 a3 40. e7 Bc6 { White resigns } 0-1

[Event "ICC tourney 2482 (75 10)"]
[Site "Internet Chess Club"]
[Date "2021.03.28"]
[Round "4"]
[White "LUO, TERRY:Terry1234"]
[Black "Vittal, Sanjana:MCTS13"]
[Result "1/2-1/2"]
[ICCResult "Game drawn by mutual agreement"]
[WhiteElo "2277"]
[BlackElo "2196"]
[Opening "Catalan: open, 5.Nf3"]
[ECO "E04"]
[NIC "CA.03"]
[Time "12:02:46"]
[PlyCount "59"]
[TimeControl "4500+10"]

1. d4 d5 2. c4 e6 3. Nf3 Nf6 4. g3 dxc4 5. Bg2 Nc6 6. Qa4 Bd7 7. Qxc4 Na5
8. Qd3 c5 9. O-O c4 10. Qd1 Bc6 11. Bd2 Bd6 12. b4 cxb3 13. axb3 Bc7 14.
Bb4 Bd5 15. Nbd2 Nc6 16. Ba3 Ne7 17. Qc2 O-O 18. e4 Bc6 19. e5 Nfd5 20. Ng5
Nf5 21. Bxf8 Qxg5 22. Nf3 Qg6 23. Ba3 Nf4 24. Ne1 Nxg2 25. Nxg2 Bxg2 26.
Qxc7 Bd5 27. Qc3 h5 28. f3 Nxg3 29. hxg3 Qxg3+ 30. Kh1 { Game drawn by
mutual agreement } 1/2-1/2

[Event "ICC tourney 2482 (75 10)"]
[Site "Internet Chess Club"]
[Date "2021.03.28"]
[Round "4"]
[White "CAO, TIMOTHY:tcao"]
[Black "KUDRIN, SERGEY:analyst1"]
[Result "0-1"]
[ICCResult "White resigns"]
[WhiteElo "2067"]
[BlackElo "2479"]
[Opening "Sicilian: Hungarian variation"]
[ECO "B27"]
[NIC "SI.43"]
[Time "12:02:47"]
[PlyCount "74"]
[TimeControl "4500+10"]

1. e4 c5 2. Nf3 g6 3. c3 d5 4. exd5 Qxd5 5. d4 Bg7 6. Be3 cxd4 7. cxd4 Qd8
8. Nc3 Nh6 9. Be2 O-O 10. O-O Nf5 11. Qd2 Nc6 12. d5 Ne5 13. Rad1 b6 14.
Nxe5 Bxe5 15. f4 Bg7 16. g4 Nxe3 17. Qxe3 Bb7 18. Bf3 Qd7 19. h4 Rac8 20.
Rfe1 Rfe8 21. Kh2 Qd6 22. Ne4 Qb4 23. Re2 Red8 24. Nf2 Ba6 25. Nd3 Bxd3 26.
Rxd3 Rc7 27. h5 Qd6 28. g5 Rc4 29. Kg3 Rd7 30. h6 Bh8 31. Bg4 Rdc7 32. Kf3
Kf8 33. f5 Rc2 34. Rxc2 Rxc2 35. Rd2 Rxb2 36. Rxb2 Qxd5+ 37. Kg3 Bxb2 {
White resigns } 0-1

[Event "ICC tourney 2482 (75 10)"]
[Site "Internet Chess Club"]
[Date "2021.03.28"]
[Round "4"]
[White "LIANG, YU-CHENG:Yucheng"]
[Black "SRIPADA, HAVISH:brilliantnessme"]
[Result "1-0"]
[ICCResult "Black checkmated"]
[WhiteElo "1921"]
[BlackElo "2036"]
[Opening "QGD: Tartakower (Makagonov-Bondarevsky) system, 8.cd Nxd5"]
[ECO "D59"]
[NIC "QO.10"]
[Time "12:02:36"]
[PlyCount "135"]
[TimeControl "4500+10"]

1. d4 d5 2. c4 e6 3. Nc3 Nf6 4. Bg5 Be7 5. Nf3 h6 6. Bh4 O-O 7. e3 b6 8.
cxd5 Nxd5 9. Bxe7 Qxe7 10. Nxd5 exd5 11. Rc1 Ba6 12. Bxa6 Nxa6 13. O-O c6
14. a3 Rac8 15. Rc3 Nb8 16. Qc2 c5 17. dxc5 bxc5 18. Rd1 Rfd8 19. Rcd3 Qe4
20. Qd2 d4 21. exd4 cxd4 22. Rxd4 Rxd4 23. Qxd4 Qxd4 24. Nxd4 Rd8 25. Rd2
Na6 26. Nf3 Re8 27. Rc2 g5 28. Kf1 Nb8 29. Nd4 Nd7 30. Nf5 Kh7 31. Rc7 Ne5
32. Nd6 Rb8 33. Nxf7 Nxf7 34. Rxf7+ Kg6 35. Rxa7 Rxb2 36. g4 h5 37. Ra6+
Kh7 38. gxh5 Ra2 39. Kg2 Ra1 40. a4 Ra3 41. a5 Ra4 42. h3 Ra3 43. Ra8 Ra4
44. a6 Ra3 45. a7 Kg7 46. f3 Ra2+ 47. Kg3 Ra4 48. h4 gxh4+ 49. Kh3 Kh7 50.
h6 Ra6 51. f4 Ra4 52. f5 Ra3+ 53. Kxh4 Ra4+ 54. Kg5 Ra5 55. Kf6 Ra6+ 56.
Ke7 Ra1 57. f6 Re1+ 58. Kd6 Rd1+ 59. Kc5 Rc1+ 60. Kb4 Rb1+ 61. Kc3 Ra1 62.
f7 Ra3+ 63. Kb2 Ra6 64. f8=Q Rb6+ 65. Ka3 Ra6+ 66. Kb4 Rb6+ 67. Ka5 Rf6 68.
Qg7# { Black checkmated } 1-0

[Event "ICC tourney 2482 (75 10)"]
[Site "Internet Chess Club"]
[Date "2021.03.28"]
[Round "4"]
[White "TANG, ZOEY:WonderZ"]
[Black "Poliannikov, Danila:dopolian"]
[Result "0-1"]
[ICCResult "White resigns"]
[WhiteElo "2048"]
[BlackElo "2266"]
[Opening "Trompowsky attack (Ruth, Opocenský opening)"]
[ECO "A45"]
[NIC "QP.07"]
[Time "12:02:37"]
[PlyCount "84"]
[TimeControl "4500+10"]

1. d4 Nf6 2. Bg5 c5 3. d5 Qb6 4. Nc3 Qxb2 5. Bd2 Qb6 6. e4 e5 7. Rb1 Qd8 8.
f4 d6 9. fxe5 dxe5 10. Nf3 Nbd7 11. Bc4 a6 12. a4 Be7 13. O-O O-O 14. Qe2
Ne8 15. Nd1 Nd6 16. Nf2 b5 17. Ba2 c4 18. Qe1 Qc7 19. Ba5 Qa7 20. Kh1 f6
21. Bb4 Nc5 22. Ra1 Bd7 23. a5 Rf7 24. Rd1 Ncb7 25. Bc3 Rff8 26. h3 Nf7 27.
Kh2 Bc5 28. Nh1 Nbd6 29. Ng3 Nh8 30. Nh4 Ng6 31. Nhf5 Bxf5 32. Nxf5 Nxf5
33. exf5 Nh8 34. g4 Qc7 35. Qe4 Nf7 36. h4 Nd6 37. Qe2 e4 38. Kh1 e3 39.
Be1 Ne4 40. Qg2 Qe5 41. c3 e2 42. Qxe2 Ng3+ { White resigns } 0-1

[Event "ICC tourney 2482 (75 10)"]
[Site "Internet Chess Club"]
[Date "2021.03.28"]
[Round "4"]
[White "Massick, Laine:Laine23"]
[Black "JORAJURIA MENDOZA, ALGOL:AJM04"]
[Result "1/2-1/2"]
[ICCResult "Game drawn by mutual agreement"]
[WhiteElo "1935"]
[BlackElo "2050"]
[Opening "Sicilian: Nimzovich-Rossolimo attack (with ...g6, without ...d6)"]
[ECO "B31"]
[NIC "SI.31"]
[Time "12:02:36"]
[PlyCount "73"]
[TimeControl "4500+10"]

1. e4 c5 2. Nf3 Nc6 3. Bb5 g6 4. O-O Bg7 5. c3 e5 6. d4 cxd4 7. cxd4 exd4
8. Bf4 a6 9. Bc4 b5 10. Bb3 Nge7 11. Nbd2 Bb7 12. Re1 O-O 13. Rc1 d6 14. a4
Qd7 15. Nf1 Rad8 16. Qd3 Ne5 17. Bxe5 dxe5 18. axb5 axb5 19. Rc5 Qd6 20.
Rec1 Bc6 21. Ba2 h6 22. b4 Kh7 23. Ng3 Ra8 24. Bb3 Ra3 25. Qb1 f6 26. Qb2
Ra6 27. Ne1 f5 28. Qe2 Rfa8 29. f3 f4 30. Nf1 Ra1 31. Nd3 Rxc1 32. Rxc1 Be8
33. Nd2 Rc8 34. Rc5 Rxc5 35. bxc5 Qc7 36. Qd1 Nc6 37. Bd5 { Game drawn by
mutual agreement } 1/2-1/2

[Event "ICC tourney 2482 (75 10)"]
[Site "Internet Chess Club"]
[Date "2021.03.28"]
[Round "4"]
[White "SHEEHAN, ETHAN THOMAS:Chessking2008"]
[Black "OTAWA, YUTO:hidedozyo"]
[Result "1-0"]
[ICCResult "Black forfeits on time"]
[WhiteElo "2196"]
[BlackElo "2327"]
[Opening "QGD: Charousek (Petrosian) variation"]
[ECO "D31"]
[NIC "EO.64"]
[Time "12:02:45"]
[PlyCount "103"]
[TimeControl "4500+10"]

1. c4 e6 2. d4 d5 3. Nc3 Be7 4. cxd5 exd5 5. Nf3 c6 6. Bf4 Bf5 7. Qb3 Qb6
8. e3 Nd7 9. Be2 Ngf6 10. h3 O-O 11. O-O Rfe8 12. Rfc1 Ne4 13. Nxe4 Qxb3
14. axb3 Bxe4 15. Ne1 Rec8 16. Bg4 Rd8 17. Bc7 Rdc8 18. Ba5 f5 19. Be2 b6
20. Bd2 f4 21. Bg4 Rc7 22. exf4 Nf8 23. f5 h5 24. Bf4 Rcc8 25. Bxh5 Bxf5
26. Bf3 Bf6 27. Rxc6 Rxc6 28. Bxd5+ Ne6 29. Bxc6 Rd8 30. Be3 Nxd4 31. Bxd4
Rxd4 32. Nf3 Rd6 33. Bb5 a5 34. Re1 Bxb2 35. Ng5 g6 36. g4 Bc2 37. Re2 Rd1+
38. Kg2 Rc1 39. Bc4+ Kg7 40. Re7+ Kf6 41. Rf7+ Ke5 42. Re7+ Kf6 43. Rf7+
Ke5 44. Rd7 Rd1 45. Nf3+ Kf4 46. Rf7+ Ke4 47. Rb7 Rd6 48. Ra7 Bd1 49. Re7+
Kf4 50. Ne1 Bc3 51. Nd3+ Rxd3 52. Bxd3 { Black forfeits on time } 1-0

[Event "ICC tourney 2482 (75 10)"]
[Site "Internet Chess Club"]
[Date "2021.03.28"]
[Round "4"]
[White "MOU, IRIS:MagicStar"]
[Black "FENG, YANZHE:yanzhe"]
[Result "1/2-1/2"]
[ICCResult "Game drawn by mutual agreement"]
[WhiteElo "2008"]
[BlackElo "1902"]
[Opening "French: Schlechter variation"]
[ECO "C01"]
[NIC "FR.01"]
[Time "12:02:44"]
[PlyCount "126"]
[TimeControl "4500+10"]

1. e4 e6 2. d4 d5 3. Bd3 dxe4 4. Bxe4 Nf6 5. Bf3 Be7 6. Ne2 O-O 7. O-O c5
8. Be3 Na6 9. Nbc3 cxd4 10. Bxd4 Nb4 11. a3 Nbd5 12. Nxd5 Nxd5 13. c4 Nb6
14. Qc2 Qc7 15. c5 e5 16. Be3 Be6 17. Be4 Nc4 18. Bxh7+ Kh8 19. Bf5 Nxe3
20. fxe3 Qxc5 21. Qe4 Bg5 22. Qg4 Qxe3+ 23. Kh1 Bxf5 24. Rxf5 f6 25. Ng3
Rac8 26. Raf1 Rc1 27. Rf3 Rxf1+ 28. Rxf1 Rd8 29. Nf5 Qd3 30. Rg1 g6 31. Ng3
Kg7 32. Qb4 Rd7 33. Ne4 Be3 34. Re1 Bd2 35. Nxd2 Qxd2 36. Qh4 g5 37. Qe4
Qxb2 38. Qa4 Qd2 39. Rf1 a6 40. Qg4 Rc7 41. Qe6 Qf4 42. Rg1 e4 43. Re1 e3
44. h3 Qe5 45. Qxe5 fxe5 46. Rxe3 Kf6 47. Kh2 Rc4 48. Kg3 b5 49. Rb3 Kf5
50. Kf3 Rd4 51. g3 Ke6 52. Rc3 Rc4 53. Rxc4 bxc4 54. Ke4 c3 55. Kd3 Kd5 56.
Kxc3 Ke4 57. h4 gxh4 58. gxh4 Kf3 59. h5 e4 60. h6 e3 61. h7 e2 62. h8=Q
e1=Q+ 63. Kc4 Qe6+ { Game drawn by mutual agreement } 1/2-1/2

[Event "ICC tourney 2482 (75 10)"]
[Site "Internet Chess Club"]
[Date "2021.03.28"]
[Round "4"]
[White "ZHANG, DANIEL Y:dzchess01"]
[Black "MYSORE, ABHINAV NAVEEN:Mapking1"]
[Result "1/2-1/2"]
[ICCResult "Game drawn by mutual agreement"]
[WhiteElo "1907"]
[BlackElo "1979"]
[Opening "Sicilian: dragon variation"]
[ECO "B70"]
[NIC "SI.15"]
[Time "12:02:48"]
[PlyCount "98"]
[TimeControl "4500+10"]

1. e4 c5 2. Nf3 d6 3. d4 cxd4 4. Nxd4 Nf6 5. Nc3 g6 6. Bc4 Bg7 7. O-O O-O
8. Bb3 Nc6 9. Be3 Ng4 10. Nxc6 bxc6 11. Bd4 Nf6 12. e5 Ne8 13. Re1 d5 14.
Na4 Nc7 15. Nc5 Ne6 16. c3 Qc7 17. Qe2 a5 18. Bc2 Nxc5 19. Bxc5 Ba6 20. Qe3
Rab8 21. b3 Bc8 22. h4 Rb5 23. a4 Rxc5 24. Qxc5 Bxe5 25. Qe3 Bf6 26. h5 e5
27. Rad1 e4 28. hxg6 fxg6 29. c4 Bg4 30. Rd2 Qe5 31. Bxe4 dxe4 32. Qxe4
Qxe4 33. Rxe4 Bf5 34. Ree2 Rb8 35. Rd6 Kg7 36. Rxc6 Rxb3 37. Rc5 Bc3 38.
Re7+ Kh6 39. Rcc7 g5 40. g4 Bc2 41. Re6+ Bg6 42. Re3 Bc2 43. c5 Rb1+ 44.
Kg2 Bd4 45. Re6+ Bg6 46. c6 Rb2 47. Rf7 Bb6 48. c7 Bxc7 49. Rxc7 Rxf2+ {
Game drawn by mutual agreement } 1/2-1/2

[Event "ICC tourney 2482 (75 10)"]
[Site "Internet Chess Club"]
[Date "2021.03.28"]
[Round "4"]
[White "SRINIAIYER, SUDARSHAN:Ambuli123"]
[Black "XUE, JERRY Q:JQX2019"]
[Result "1-0"]
[ICCResult "Black resigns"]
[WhiteElo "2170"]
[BlackElo "1935"]
[Opening "Nimzo-Indian: classical, Noa variation"]
[ECO "E34"]
[NIC "NI.23"]
[Time "12:02:47"]
[PlyCount "79"]
[TimeControl "4500+10"]

1. d4 Nf6 2. c4 e6 3. Nc3 Bb4 4. Qc2 d5 5. cxd5 Qxd5 6. e3 O-O 7. Bd2 Qd8
8. Bd3 b6 9. Nge2 Bb7 10. O-O Be7 11. e4 h6 12. e5 Nd5 13. Ne4 Nb4 14. Bxb4
Bxb4 15. a3 Be7 16. Rac1 c6 17. f4 Qd7 18. f5 exf5 19. Rxf5 Na6 20. Rcf1
Nc7 21. Nf6+ Bxf6 22. exf6 g6 23. Re5 Ne6 24. Qd2 g5 25. h4 Kh8 26. hxg5
Rg8 27. g6 fxg6 28. Qxh6+ Qh7 29. Qxh7+ Kxh7 30. Rxe6 Rae8 31. f7 Rxe6 32.
fxg8=Q+ Kxg8 33. Bc4 Bc8 34. Nf4 b5 35. Bxe6+ Bxe6 36. Nxe6 a5 37. Rf8+ Kh7
38. Rc8 b4 39. axb4 axb4 40. Rxc6 { Black resigns } 1-0

[Event "ICC tourney 2482 (75 10)"]
[Site "Internet Chess Club"]
[Date "2021.03.28"]
[Round "4"]
[White "ZHANG, SAMUEL:lmperatorX"]
[Black "HU, ALEXANDER C:ahu1015"]
[Result "0-1"]
[ICCResult "White resigns"]
[WhiteElo "2113"]
[BlackElo "2015"]
[Opening "Sicilian: dragon, Yugoslav attack"]
[ECO "B75"]
[NIC "SI.17"]
[Time "12:02:38"]
[PlyCount "72"]
[TimeControl "4500+10"]

1. e4 c5 2. Nf3 d6 3. d4 cxd4 4. Nxd4 Nf6 5. Nc3 g6 6. Be3 Bg7 7. f3 h5 8.
Be2 a6 9. O-O b5 10. a4 b4 11. Nd5 Nxd5 12. exd5 Bb7 13. Bc4 Qc7 14. Bb3
Qa5 15. f4 Nd7 16. f5 g5 17. Nc6 Bxc6 18. dxc6 Nf6 19. Qd3 g4 20. Rae1 Rc8
21. Qc4 d5 22. Qc5 Qxc5 23. Bxc5 Ne4 24. f6 Bxf6 25. Bxd5 Nxc5 26. Rxf6 e6
27. b3 O-O 28. Bc4 Kg7 29. Rf4 Rxc6 30. Re5 f5 31. Rd4 Kf6 32. Re2 Rfc8 33.
Re3 Nxa4 34. Bxe6 Rxe6 35. Rxe6+ Kxe6 36. bxa4 a5 { White resigns } 0-1

[Event "ICC tourney 2482 (75 10)"]
[Site "Internet Chess Club"]
[Date "2021.03.28"]
[Round "4"]
[White "ZHOU, CHELSEA:pawnpush202044"]
[Black "YERRA, SAI SNEHA:saisneha"]
[Result "1/2-1/2"]
[ICCResult "Game drawn by mutual agreement"]
[WhiteElo "1875"]
[BlackElo "1901"]
[Opening "English opening"]
[ECO "A20"]
[NIC "EO.24"]
[Time "12:02:42"]
[PlyCount "71"]
[TimeControl "4500+10"]

1. c4 e5 2. g3 Nf6 3. Bg2 d5 4. cxd5 Nxd5 5. Nc3 Nb6 6. Nf3 Nc6 7. O-O Be7
8. a3 O-O 9. d3 Be6 10. Be3 f5 11. Rc1 f4 12. Bd2 Qe8 13. Ne4 Rd8 14. Bc3
Bd6 15. Nxd6 cxd6 16. e3 Qg6 17. exf4 exf4 18. Re1 fxg3 19. fxg3 Bg4 20.
Qb3+ Kh8 21. Nh4 Qg5 22. Qc2 Nd5 23. Bd2 Qf6 24. Bxd5 Qd4+ 25. Be3 Qxd5 26.
Qc4 Qh5 27. d4 g5 28. Ng2 Bf3 29. d5 Ne5 30. Bd4 Kg8 31. Bxe5 dxe5 32. Rxe5
Bxg2 33. Kxg2 Qf3+ 34. Kg1 Qf2+ 35. Kh1 Qf3+ 36. Kg1 { Game drawn by mutual
agreement } 1/2-1/2

[Event "ICC tourney 2482 (75 10)"]
[Site "Internet Chess Club"]
[Date "2021.03.28"]
[Round "4"]
[White "WANG, RYAN R:ryanwang"]
[Black "JOSEPH BENHER, SAVIO Bennihyn:savchess06"]
[Result "1-0"]
[ICCResult "Black resigns"]
[WhiteElo "1916"]
[BlackElo "2096"]
[Opening "French: exchange variation"]
[ECO "C01"]
[NIC "FR.01"]
[Time "12:02:44"]
[PlyCount "91"]
[TimeControl "4500+10"]

1. e4 e6 2. d4 d5 3. exd5 exd5 4. Nf3 Nc6 5. Bb5 Bd6 6. c4 dxc4 7. d5 a6 8.
Ba4 b5 9. dxc6 bxa4 10. O-O Ne7 11. Nbd2 Nxc6 12. Qxa4 Bd7 13. Qxc4 O-O 14.
Ne4 Ne5 15. Nxe5 Bb5 16. Nxd6 Bxc4 17. Ndxc4 Qd5 18. b3 f6 19. Nf3 a5 20.
Bf4 Qf7 21. Nb2 Rfe8 22. Rac1 Re7 23. h4 Rd8 24. Rc2 Rdd7 25. Rfc1 Qg6 26.
Kh2 Qe4 27. Be3 Qb7 28. Na4 Rd5 29. Bf4 Qa7 30. Bxc7 Qa6 31. Bf4 Re2 32.
Rxe2 Qxe2 33. Nc3 Qe6 34. Nxd5 Qxd5 35. Rc4 Qf5 36. Ra4 Qc5 37. Bd2 Qxf2
38. Rxa5 Kf7 39. b4 Kg6 40. a4 Qb6 41. b5 Kf5 42. Ra6 Qc7+ 43. Kh1 Qc4 44.
Ra7 g6 45. b6 Qc5 46. Ra5 { Black resigns } 1-0

[Event "ICC tourney 2482 (75 10)"]
[Site "Internet Chess Club"]
[Date "2021.03.28"]
[Round "4"]
[White "GAO, MATTHEW IAN:xcelswimmer"]
[Black "PANG, ASHLEY:redhawk2020"]
[Result "0-1"]
[ICCResult "White resigns"]
[WhiteElo "1916"]
[BlackElo "1955"]
[Opening "King's Indian: Sämisch, orthodox, 7.d5"]
[ECO "E87"]
[NIC "KI.41"]
[Time "12:02:46"]
[PlyCount "78"]
[TimeControl "4500+10"]

1. d4 Nf6 2. c4 g6 3. f3 Bg7 4. e4 d6 5. Nc3 O-O 6. Be3 e5 7. d5 a5 8. Bd3
Na6 9. Qd2 Nc5 10. Bc2 Nfd7 11. Nge2 Nb6 12. b3 Bd7 13. O-O a4 14. g4 Kh8
15. Ng3 Qe7 16. h4 Qxh4 17. Kg2 Qe7 18. Rae1 f6 19. Rh1 Rf7 20. Rh2 Kg8 21.
Reh1 Bf8 22. g5 axb3 23. axb3 Ra3 24. Qc1 Ra8 25. Bd1 Nd3 26. Qd2 Nf4+ 27.
Bxf4 exf4 28. gxf6 Qxf6 29. e5 dxe5 30. Nge4 Qe7 31. c5 Nc8 32. b4 Bf5 33.
d6 cxd6 34. Nd5 Qd8 35. Rxh7 Bg7 36. Bb3 Bxe4 37. fxe4 Qg5+ 38. Kf2 Qg3+
39. Ke2 Qxb3 { White resigns } 0-1

[Event "ICC tourney 2482 (75 10)"]
[Site "Internet Chess Club"]
[Date "2021.03.28"]
[Round "5"]
[White "ZHANG, DANIEL Y:dzchess01"]
[Black "FANG, JADEN:SaltyCarrot777"]
[Result "0-1"]
[ICCResult "White resigns"]
[WhiteElo "1907"]
[BlackElo "2002"]
[Opening "Sicilian: Pelikan, Chelyabinsk variation"]
[ECO "B33"]
[NIC "SI.37"]
[Time "15:31:19"]
[PlyCount "45"]
[TimeControl "4500+10"]

1. e4 c5 2. Nf3 Nc6 3. d4 cxd4 4. Nxd4 Nf6 5. Nc3 e5 6. Ndb5 d6 7. Bg5 a6
8. Na3 b5 9. Nd5 Be7 10. Bxf6 Bxf6 11. c3 O-O 12. g3 Bg5 13. h4 Bh6 14. Bg2
Be6 15. O-O Ne7 16. c4 Nxd5 17. exd5 Bd7 18. Qe2 Rb8 19. c5 dxc5 20. Qxe5
g6 21. Qd6 Bg7 22. Rab1 Bf5 23. Rbd1 { White resigns } 0-1